 Dungeon Crawl Stone Soup version 0.25-a0-420-g1cc7eeb0d1 (webtiles) character file.

Game seed: 4552949929921569911, levelgen mode: deterministic

824 Kohma the Shield-Bearer (level 7, 0/61 HPs)
             Began as a Minotaur Fighter on Jan 18, 2020.
             Was an Initiate of Qazlal.
             Slain by a water moccasin (7 damage)
             ... on level 4 of the Dungeon.
             The game lasted 00:07:40 (4117 turns).

Kohma the Shield-Bearer (Minotaur Fighter)          Turns: 4117, Time: 00:07:41

Health: 0/61       AC: 10    Str: 23    XL:     7   Next: 64%
Magic:  6/6        EV:  8    Int:  5    God:    Qazlal [......]
Gold:   237        SH: 10    Dex:  9    Spells: 6/6 levels left

rFire    . . .     SeeInvis .   a - +0 long sword
rCold    . . .     Gourm    .   c - +0 shield
rNeg     . . .     Faith    .   b - +0 scale mail
rPois    .         Spirit   .   z - +2 hat
rElec    .         Reflect  .   w - +0 cloak
rCorr    .         Harm     .   (no gloves)
MR       .....                  (no boots)
Stlth    ..........             (no amulet)
HPRegen  0.20/turn              (no ring)
MPRegen  0.10/turn              (no ring)

@: lethally poisoned (0 -> -1)
A: retaliatory headbutt, horns 2
a: Renounce Religion


You were on level 4 of the Dungeon.
You worshipped Qazlal.
Qazlal was noncommittal.
You were hungry.

You visited 1 branch of the dungeon, and saw 5 of its levels.

You collected 237 gold pieces.

Inventory:

Hand Weapons
 a - a +0 long sword (weapon)
Missiles
 j - 19 poisoned darts (quivered)
Armour
 b - a +0 scale mail (worn)
 c - a +0 shield (worn)
 w - a +0 cloak (worn)
 z - a +2 hat (worn)
Jewellery
 g - an uncursed ring of flight {unknown}
 l - an uncursed ring of fire {unknown}
 q - a cursed ring of attention {unknown}
 s - an uncursed ring of stealth {unknown}
 u - an uncursed ring of poison resistance {unknown}
Scrolls
 e - 2 scrolls of amnesia {unknown}
 k - 3 scrolls of remove curse {unknown}
 m - 2 scrolls of teleportation {unknown}
 n - 2 scrolls of enchant armour {unknown}
 p - 5 scrolls of identify {unknown}
 x - a scroll of random uselessness {unknown}
 y - a scroll of immolation {unknown}
 A - a scroll of holy word {unknown}
Potions
 d - a potion of might
 h - a potion of ambrosia {unknown}
 i - 3 potions of heal wounds {unknown}
 o - a potion of cancellation {unknown}
 r - 4 potions of curing {unknown}
 t - a potion of degeneration {unknown}
 v - a potion of agility {unknown}
Comestibles
 f - 10 rations


   Skills:
 + Level 5.5 Fighting
 * Level 6.3 Long Blades
 + Level 5.5 Armour
 * Level 7.0 Shields


You had 6 spell levels left.
You didn't know any spells.
Your spell library was empty.

Dungeon Overview and Level Annotations

Branches:
Dungeon (5/15)
 Temple: D:4-7

Altars:
Kikubaaqudgha
Nemelex Xobeh
Qazlal
Xom


Innate Abilities, Weirdness & Mutations

You reflexively headbutt those who attack you in melee.
You have a pair of horns on your head.


Message History

* * * LOW HITPOINT WARNING * * *
You climb upwards.
You feel sick.
There is a stone staircase leading down here.
You completely miss the water moccasin.
The water moccasin is almost dead.
You feel sick. You block the water moccasin's attack.
The water moccasin bites you but does no damage.
You miss the water moccasin.
The water moccasin is almost dead.
You feel sick. You block the water moccasin's attack.
You barely miss the water moccasin.
Your headbutt misses the water moccasin.
The water moccasin is almost dead.
The water moccasin bites you but does no damage.
The water moccasin bites you.
* * * LOW HITPOINT WARNING * * *
You hit the water moccasin.
The water moccasin is almost dead.
You feel sick. The water moccasin bites you!
You die...

..##......................##
...........................#
.....#.....................#
....##.##.............##..##
.#####.#.###.............## .##
#.....#...........#..## ### ..#
###...................###.##
..####..................#......#
...............)@S.....##......#
(......................#.......##
....##......<#...........####...#
.....#.......#..#........#####..#
..##............#.....##...##..##
#.##..###.............#.........#
#.##...#.......##................
#..##..##......#####..###>.......
##.##..###.#.#..#.....####....##.


You could see a water moccasin.

Vanquished Creatures
  Grinder (D:4)
  2 ogres (D:4)
  Crazy Yiuf (D:3)
  An orc priest (D:3)
  2 hounds
  Natasha (twice) (D:3)
  2 worker ants
  A hound zombie (D:3)
  Robin (D:3)
  A gnoll (D:1)
  9 adders
  An ooze (D:1)
  4 worms
  3 leopard geckos
  10 orcs (D:3)
  2 ball pythons
  7 bats
  6 giant cockroaches
  15 goblins
  18 hobgoblins
  2 jackals (D:1)
  10 kobolds
  2 quokkas
  5 frilled lizards
  7 rats
115 creatures vanquished.

Notes
Turn   | Place    | Note
-------+----------+-------------------------------------------
     0 | D:1      | Kohma the Minotaur Fighter began the quest for the Orb.
     0 | D:1      | Reached XP level 1. HP: 19/19 MP: 0/0
    96 | D:1      | Reached XP level 2. HP: 27/27 MP: 1/1
   177 | D:1      | Reached skill level 4 in Shields
   406 | D:1      | Reached XP level 3. HP: 31/33 MP: 2/2
   892 | D:2      | Reached XP level 4. HP: 27/40 MP: 3/3
  1416 | D:3      | Reached skill level 5 in Shields
  1416 | D:3      | Reached XP level 5. HP: 24/47 MP: 4/4
  1642 | D:3      | Noticed Robin
  1650 | D:3      | Killed Robin
  2101 | D:3      | Noticed Natasha
  2365 | D:3      | Killed Natasha
  2518 | D:3      | Noticed Natasha
  2526 | D:3      | Killed Natasha
  2898 | D:3      | Reached XP level 6. HP: 50/53 MP: 5/5
  2963 | D:3      | Found a sparkling altar of Nemelex Xobeh.
  3205 | D:3      | Found a runed translucent door.
  3206 | D:3      | Noticed Crazy Yiuf
  3214 | D:3      | Killed Crazy Yiuf
  3352 | D:4      | Reached skill level 5 in Long Blades
  3374 | D:4      | Reached skill level 6 in Shields
  3388 | D:4      | Reached skill level 5 in Armour
  3436 | D:4      | Reached skill level 5 in Fighting
  3489 | D:4      | Noticed Grinder
  3509 | D:4      | Killed Grinder
  3509 | D:4      | Reached XP level 7. HP: 44/61 MP: 6/6
  3852 | D:5      | Entered Level 5 of the Dungeon
  3862 | D:5      | Found a stormy altar of Qazlal.
  3862 | D:5      | Found a shimmering altar of Xom.
  3862 | D:5      | Found an ancient bone altar of Kikubaaqudgha.
  3879 | D:5      | Became a worshipper of Qazlal Stormbringer
  4063 | D:5      | Reached skill level 7 in Shields
  4117 | D:4      | Slain by a water moccasin

Levels and vault maps discovered:
D:1:      dpeg_arrival_pits, layout_basic, minmay_tromino_v7
D:2:      layout_rooms, guppyfry_early_lair_pool
D:3:      layout_basic, lemuel_coloured_pillars_altar, uniq_robin,
          uniq_crazy_yiuf_cottage, uniq_natasha
D:4:      layout_cave_pools, first_ration, uniq_grinder
D:5:      layout_loops_cross, bloody_trog, gammafunk_temple_overflow_forgotten,
          kennysheep_little_box, minmay_temple_entry_antechambers

Skill      XL: |  1  2  3  4  5  6  7 |
---------------+----------------------+-----
Shields        | 4 5 6 7 |  7.0
Long Blades    | 3 4 5 6 |  6.3
Armour         | 4 5 |  5.5
Fighting       | 4 5 |  5.5

Action                   |  1- 3 |  4- 6 |  7- 9 || total
-------------------------+-------+-------+-------++-------
Melee: Long sword        |   100 |   195 |    32 ||   327
       Headbutt          |    11 |    35 |     3 ||    49
  Eat: Chunk             |       |     9 |     1 ||    10
Armor: Scale mail        |    59 |    73 |    17 ||   149
Dodge: Dodged            |    38 |    55 |     9 ||   102
Block: Shield            |    62 |   129 |    19 ||   210
       Rpst.: Long sword |     8 |     8 |     1 ||    17

Table legend:
 A = Non-vault XP
 B = Vault XP
 C = Vault XP percentage of total XP
 D = Non-vault monster count
 E = Vault monster count
 F = Vault count percentage of total count
                 A         B        C        D         E       F
            +---------+---------+-------+---------+---------+-------
      Total |     769 |     409 |  34.7 |      97 |      18 |  15.7
            +---------+---------+-------+---------+---------+-------
        D:1 |      48 |      20 |  29.4 |      24 |       4 |  14.3
        D:2 |      70 |       0 |   0.0 |      27 |       0 |   0.0
        D:3 |     206 |     112 |  35.2 |      34 |      13 |  27.7
        D:4 |     356 |     277 |  43.8 |       9 |       1 |  10.0
        D:5 |      89 |       0 |   0.0 |       3 |       0 |   0.0
            +---------+---------+-------+---------+---------+-------
